 Dungeon Crawl Stone Soup version 0.30.0-10-gfe55d96785 (webtiles) character file.

Game seed: 10859911071658442873

15731 sasquatch the Marksminotaur (level 12, -2/88 HPs)
             Began as a Minotaur Hunter on May 14, 2023.
             Was a Believer of Uskayaw.
             Slain by a minotaur
             ... wielding a +2 glaive of pain
              (9 damage)
             ... in a Gauntlet.
             The game lasted 00:25:35 (12809 turns).

sasquatch the Marksminotaur (Minotaur Hunter)      Turns: 12809, Time: 00:25:35

Health: -2/88      AC: 12    Str: 19    XL:     12   Next: 3%
Magic:  0/11       EV: 17    Int:  6    God:    Uskayaw [**....]
Gold:   1065       SH:  0    Dex: 19    Spells: 11/11 levels left

rFire   . . .        b - +6 scimitar (freeze)
rCold   + . .        (no shield)
rNeg    + . .        u - +3 leather armour of Ezximnox {+Inv rC+ Stlth+}
rPois   .            s - +2 hat
rElec   .            y - +0 cloak {Will+}
rCorr   .            v - +0 pair of gloves
SInv    .            L - +1 pair of boots {Fly}
Will    +....        G - amulet of guardian spirit
Stlth   +++          E - +5 ring of evasion
HPRegen 0.34/turn    J - ring "Bushu" {rN+ Str+3 Slay+4}
MPRegen 0.12/turn

%: no teleportation, guardian spirit
@: flying, hasted, very quick
A: horns 2, retaliatory headbutt
a: Renounce Religion, Evoke Invisibility, Stomp, Line Pass


You were in a Gauntlet.
You worshipped Uskayaw.
Uskayaw was noncommittal.
You visited 3 branches of the dungeon, and saw 14 of its levels.
You also visited: Bailey and Gauntlet.

You collected 1125 gold pieces.
You spent 60 gold pieces at shops.

Inventory:

Hand Weapons
 a - a +0 shortbow
 b - a +6 scimitar of freezing (weapon)
 e - a +0 scimitar of draining
 B - a +3 heavy long sword
Missiles
 p - 6 curare-tipped darts
 w - 2 throwing nets
 x - 5 poisoned darts
Armour
 s - a +2 hat (worn)
 u - the +3 leather armour of Ezximnox (worn) {+Inv rC+ Stlth+}
   (You found it on level 2 of the Dungeon)

   rC:        It protects you from cold.
   +Inv:      It lets you turn invisible.
   Stlth:     It makes you more stealthy.
 v - a +0 pair of gloves (worn)
 y - a +0 cloak of willpower (worn)
 I - a +0 chain mail of willpower
 L - a +1 pair of boots of flying (worn)
 W - a +1 ring mail of willpower
Jewellery
 E - a +5 ring of evasion (left hand)
 G - an amulet of guardian spirit (around neck)
 J - the ring "Bushu" (right hand) {rN+ Str+3 Slay+4}
   (You took it off an orc warrior in a bailey)

   [ring of slaying]

   Str:       It affects your strength (+3).
   Slay:      It affects your accuracy & damage with ranged weapons and melee
   (+4).
   rN:        It protects you from negative energy.
 N - a +6 ring of strength
 R - a ring of protection from cold
Wands
 g - a wand of light (4)
 C - a wand of iceblast (12)
 H - a wand of mindburst (14)
 P - a wand of charming (2)
Scrolls
 c - 2 scrolls of fear
 j - 7 scrolls of teleportation
 k - 2 scrolls of poison
 m - 2 scrolls of fog
 q - a scroll of magic mapping
 r - a scroll of immolation
 t - 2 scrolls of vulnerability
 z - 2 scrolls of enchant armour {unknown}
 A - 2 scrolls of blinking
 D - 4 scrolls of enchant weapon
 Q - a scroll of amnesia {unknown}
 S - a scroll of acquirement {unknown}
Potions
 d - 6 potions of curing
 f - 3 potions of magic
 i - 6 potions of heal wounds
 l - a potion of lignification
 o - 4 potions of attraction
 F - a potion of berserk rage
 K - 3 potions of flight
 M - a potion of might {unknown}
 O - a potion of degeneration {unknown}
 T - a potion of mutation {unknown}
 V - a potion of ambrosia {unknown}
Miscellaneous
 U - a lightning rod (4/4)


   Skills:
 - Level 2.4 Fighting
 + Level 15.9 Long Blades
 - Level 16.0 Ranged Weapons
 - Level 2.1 Dodging
 - Level 0.7 Stealth


You had 11 spell levels left.
You didn't know any spells.
Your spell library contained the following spells:

 Spells                   Type           Power      Damage    Failure   Level
 Shock                    Conj/Air       0%         1d3       52%         1
 Cigotuvi's Dreadful Rot  Necr/Pois/Air  0%         N/A       65%         2
 Ignite Poison            Fire/Tmut/Pois 0%         N/A       87%         3
 Ozocubu's Armour         Ice            0%         N/A       87%         3
 Swiftness                Air            0%         N/A       87%         3
 Tukima's Dance           Hex            0%         N/A       87%         3
 Airstrike                Air            0%         2d(0-16)  99%         4
 Dispel Undead            Necr           0%         3d6       99%         4
 Passage of Golubria      Tloc           0%         N/A       99%         4
 Freezing Cloud           Conj/Ice/Air   0%         6-21      100%        5
 Metabolic Englaciation   Hex/Ice        0%         N/A       100%        5
 Yara's Violent Unravell  Hex/Tmut       0%         3d3       100%        5
 Death Channel            Necr           0%         N/A       100%        6
 Simulacrum               Ice/Necr       0%         N/A       100%        6


Dungeon Overview and Level Annotations

Branches:
Dungeon (10/15)            Temple (1/1) D:7            Lair (3/5) D:10
  Swamp (0/4) Lair:2        Snake (0/4) Lair:2       Bailey (visited)
Gauntlet (1/1)
    Orc: D:9-12

Altars:
Ashenzari
Cheibriados
Dithmenos
Elyvilon
Fedhas
Gozag
Hepliaklqana
Kikubaaqudgha
Makhleb
Nemelex Xobeh
Okawaru
Qazlal
Ru
Sif Muna
Trog
Uskayaw
Vehumet
Wu Jian
Xom
Yredelemnul
Zin
The Shining One

Shops:
D:6 !   D:7 (   D:9 (

Annotations:
D:8 1 runed translucent door, BleedingAnus's ghost, novice HOFi Gauntlet 6 transporters


Innate Abilities, Weirdness & Mutations

You have a pair of horns on your head.
You reflexively headbutt those who attack you in melee.


Message History

Fire: a) +0 shortbow
Press: ? - help, Q - select action, (/) - cycle Shift-Dir - straight line, f/p - minotaur
Aim: a minotaur, wielding a +2 glaive of pain, wearing a +1 plate armour of willpower and quivering javelins (heavily wounded, 82% to hit)
You shoot an arrow. The arrow hits the minotaur!
The minotaur is heavily wounded.
Unknown command.
You are too injured to fight recklessly!
Fire: a) +0 shortbow
Press: ? - help, Q - select action, (/) - cycle Shift-Dir - straight line, f/p - minotaur
Aim: a minotaur, wielding a +2 glaive of pain, wearing a +1 plate armour of willpower and quivering javelins (heavily wounded, 82% to hit)
You shoot an arrow.
The arrow hits the minotaur but does no damage.
The minotaur is heavily wounded.
Unknown command.
Fire: a) +0 shortbow
Press: ? - help, Q - select action, (/) - cycle Shift-Dir - straight line, f/p - minotaur
Aim: a minotaur, wielding a +2 glaive of pain, wearing a +1 plate armour of willpower and quivering javelins (heavily wounded, 82% to hit)
You shoot an arrow. The arrow hits the minotaur!
The minotaur is severely wounded.
Unknown command.
Fire: a) +0 shortbow
Press: ? - help, Q - select action, (/) - cycle Shift-Dir - straight line, f/p - minotaur
Aim: a minotaur, wielding a +2 glaive of pain, wearing a +1 plate armour of willpower and quivering javelins (severely wounded, 82% to hit)
You shoot an arrow.
The arrow hits the minotaur but does no damage.
The minotaur is severely wounded.
Unknown command.
Your +6 scimitar of freezing glows with a cold blue light!
b - a +6 scimitar of freezing (weapon)
Unknown command.
Aiming: Line Pass
Press: ? - help, Dir - move target, p - minotaur
Okay, then.
The minotaur hits you with a +2 glaive of pain!!!
* * * LOW HITPOINT WARNING * * *
You writhe in agony.
* * * LOW HITPOINT WARNING * * *
The minotaur gores you!
You die...

##..#..[§...#..#h.:=h.[..#..§#
#≈..#########..###########..##
##§..........∩..§§..........§#
#§§.............§...........##
###≈#§#§#§########≈#≈#≈#≈#≈##
#########.©..©.###########
#####......######
#...............#
#........H@.....#
##.#.#######.#.## #.#..Bl# .#
# #.##H# .# .... ... ..
#.#..##H## .# #.#..# .8 .# #
...# ..# .. #8.# 8#


You could see a minotaur.

Vanquished Creatures
  A blizzard demon (Gauntlet)
  A two-headed ogre (D:10)
  A death yak (Lair:2)
  An orc knight (Bailey)
  A black mamba (Lair:1)
  2 cane toads
  Maggie (Lair:2)
  A rime drake (Lair:1)
  2 ice devils (Gauntlet)
  A troll (D:10)
  A hornet (Lair:3)
  5 blink frogs (Lair:2)
  4 tyrant leeches (Lair:2)
  A blink frog (shapeshifter) (D:10)
  4 wraiths
  12 yaks
  2 wargs (D:10)
  2 steam dragons
  4 small abominations (Gauntlet)
  3 nagas
  2 acid dragons
  4 water moccasins
  8 orc warriors
  An ice beast (D:5)
  4 centaurs
  6 wolves (Lair:1)
  3 ogres
  3 phantoms
  A kobold brigand (D:7)
  A gnoll sergeant (D:10)
  8 bullfrogs
  2 scorpions
  18 wights
  4 killer bees (D:9)
  3 howler monkeys (D:8)
  10 orc priests
  A gnoll bouda (D:5)
  4 hounds
  4 sleepcaps
  5 orc wizards
  2 iguanas
  13 gnolls
  10 adders
  6 white imps
  A worm (D:3)
  4 dart slugs
  27 orcs
  2 ball pythons (D:4)
  4 bats
  9 endoplasms
  11 hobgoblins
  2 quokkas
  A frilled lizard (D:1)
  12 goblins
  17 kobolds
  2 rats
265 creatures vanquished.

Notes
Turn   | Place    | Note
-------+----------+-------------------------------------------
     0 | D:1      | sasquatch the Minotaur Hunter began the quest for the Orb.
     0 | D:1      | Reached XP level 1. HP: 18/18 MP: 0/0
   210 | D:1      | Reached XP level 2. HP: 25/25 MP: 1/1
   481 | D:2      | Reached skill level 5 in Ranged Weapons
   629 | D:2      | Reached XP level 3. HP: 30/30 MP: 2/2
   687 | D:2      | Identified the +3 leather armour of Ezximnox {+Inv rC+
                  | Stlth+}
   758 | D:2      | Reached skill level 6 in Ranged Weapons
   906 | D:3      | Reached XP level 4. HP: 37/37 MP: 3/3
  1328 | D:3      | Reached skill level 7 in Ranged Weapons
  1328 | D:3      | Reached XP level 5. HP: 42/42 MP: 4/4
  1433 | D:3      | Found a faded altar of an unknown god.
  2898 | D:4      | You are sucked into a shaft and drop 1 floor!
  2898 | D:5      | Entered Level 5 of the Dungeon
  3031 | D:5      | Reached skill level 8 in Ranged Weapons
  3084 | D:5      | Reached XP level 6. HP: 50/50 MP: 5/5
  3730 | D:5      | Reached skill level 9 in Ranged Weapons
  3758 | D:5      | Noticed an ice beast
  3785 | D:5      | Killed an ice beast
  3786 | D:5      | Reached XP level 7. HP: 51/56 MP: 6/6
  3806 | D:5      | Found a glowing golden altar of the Shining One.
  3902 | D:5      | Reached skill level 10 in Ranged Weapons
  4834 | D:6      | Reached skill level 11 in Ranged Weapons
  4834 | D:6      | Reached XP level 8. HP: 61/62 MP: 7/7
  4982 | D:6      | Found Kykagh's Distillery.
  4994 | D:6      | Bought a potion of heal wounds for 60 gold pieces
  5002 | D:6      | Reached skill level 12 in Ranged Weapons
  5220 | D:6      | Found a sacrificial altar of Ru.
  5225 | D:6      | Found a basalt altar of Yredelemnul.
  5387 | D:7      | Found Petzi's Weapon Boutique.
  5587 | D:7      | Reached skill level 1 in Long Blades
  5865 | D:7      | Reached skill level 13 in Ranged Weapons
  5865 | D:7      | Reached XP level 9. HP: 34/68 MP: 8/8
  6250 | D:7      | Found a staircase to the Ecumenical Temple.
  6371 | Temple   | Entered the Ecumenical Temple
  6600 | Temple   | Became a worshipper of Uskayaw the Reveller
  6801 | D:8      | Found an iron altar of Okawaru.
  6807 | D:8      | Reached * piety under Uskayaw
  6815 | D:8      | Identified the +8 hand axe "Fot Piho" {drain, Str+2 Int+3}
  6841 | D:8      | Reached ** piety under Uskayaw
  6851 | D:8      | Found a bloodstained altar of Trog.
  7006 | D:8      | Found an ancient bone altar of Kikubaaqudgha.
  7178 | D:8      | Noticed BleedingAnus's ghost (novice HOFi)
  7182 | D:8      | Found a runed translucent door.
  7189 | D:8      | Reached *** piety under Uskayaw
  7193 | D:8      | Reached **** piety under Uskayaw
  7195 | D:8      | Reached skill level 5 in Long Blades
  7357 | D:9      | Found an opulent altar of Gozag.
  7714 | D:9      | Found a burning altar of Makhleb.
  7755 | D:9      | Found a blossoming altar of Fedhas.
  7796 | D:9      | Found a shimmering blue altar of Sif Muna.
  8202 | D:9      | Found Gecutiph's Weapon Shop.
  8212 | D:9      | Reached skill level 14 in Ranged Weapons
  8247 | D:9      | Reached ***** piety under Uskayaw
  8661 | D:10     | Entered Level 10 of the Dungeon
  8720 | D:10     | Found a flagged portal.
  8728 | Bailey   | Entered a bailey
  8753 | Bailey   | Identified the ring "Bushu" {rN+ Str+3 Slay+4}
  8762 | Bailey   | Noticed an orc knight
  8778 | Bailey   | Killed an orc knight
  8779 | Bailey   | Reached XP level 10. HP: 72/74 MP: 9/9
  8884 | Bailey   | Reached ****** piety under Uskayaw
  9240 | D:10     | Noticed a two-headed ogre
  9319 | D:10     | Reached skill level 15 in Ranged Weapons
  9570 | D:10     | Killed a two-headed ogre
  9571 | D:10     | Reached skill level 10 in Long Blades
  9736 | D:10     | Found a staircase to the Lair.
  9895 | D:10     | Found an ornate altar of the Wu Jian Council.
 10071 | Lair:1   | Entered Level 1 of the Lair of Beasts
 10126 | Lair:1   | Noticed a cane toad
 10134 | Lair:1   | Killed a cane toad
 10135 | Lair:1   | Reached XP level 11. HP: 80/80 MP: 10/10
 10413 | Lair:1   | Reached skill level 16 in Ranged Weapons
 10948 | Lair:2   | Found a staircase to the Snake Pit.
 11043 | Lair:2   | Noticed a death yak
 11115 | Lair:2   | Noticed a death yak
 11135 | Lair:2   | Noticed a death yak
 11136 | Lair:2   | Noticed a death yak
 11141 | Lair:2   | Killed a death yak
 11357 | Lair:2   | Noticed Maggie
 11371 | Lair:2   | Killed Maggie
 11698 | Lair:2   | Reached skill level 15 in Long Blades
 11889 | Lair:2   | Found a staircase to the Swamp.
 12047 | Lair:3   | Paralysed by a hornet for 1 turns
 12094 | Lair:3   | Found a gate leading to a gauntlet.
 12100 | Gauntlet | Entered a Gauntlet
 12100 | Gauntlet | Noticed a death scarab
 12100 | Gauntlet | Found a transporter.
 12100 | Gauntlet | Found a transporter.
 12100 | Gauntlet | Found a transporter.
 12309 | Gauntlet | Found a transporter.
 12319 | Gauntlet | Found a transporter.
 12321 | Gauntlet | Found a transporter.
 12331 | Gauntlet | Found a transporter.
 12333 | Gauntlet | Noticed a hell beast
 12351 | Gauntlet | Found a transporter.
 12353 | Gauntlet | Noticed a blizzard demon
 12366 | Gauntlet | Found a transporter.
 12369 | Gauntlet | Found a transporter.
 12377 | Gauntlet | Found a transporter.
 12380 | Gauntlet | Found a transporter.
 12645 | Gauntlet | Killed a blizzard demon
 12646 | Gauntlet | Reached XP level 12. HP: 88/88 MP: 5/11
 12782 | Gauntlet | Noticed a minotaur
 12809 | Gauntlet | Slain by a minotaur

Illustrated notes

Levels and vault maps discovered:
D:1:      scummos_arrival_gate, layout_rooms
D:2:      layout_rooms, kennysheep_generic_room_5
D:3:      layout_loops_corners, dilly_ecumenical_altar_fadedgnrine,
          kennysheep_generic_room_13
D:4:      layout_basic, grunt_decor_resistance
D:5:      layout_basic, lemuel_crystal_altar
D:6:      layout_basic, mainiacjoe_overflow_surrounded_room,
          nicolae_ru_path_of_blood, serial_shops, shop_fountains
D:7:      layout_basic, minmay_temple_entry_junction, serial_shops, shop
D:8:      layout_rooms, amcnicky_altar_gilded, mainiacjoe_overflow_catwalk,
          okawaru_ov_weapons_minmay, hellmonk_ghost_happy_afterlife
D:9:      layout_loops_corners, mainiacjoe_overflow_six_doors_small,
          kennysheep_little_box, mainiacjoe_overflow_catch_the_wave,
          serial_shops, shop, hangedman_glass_teeth
D:10:     layout_cave_pools, lemuel_round_altar, erik_lair_orcish_takeover,
          enter_bailey_3
Temple:   minmay_temple_curvy_loop
Lair:1:   layout_cave_pods, serial_bayou_shore_a
Lair:2:   layout_big_grid, minmay_swamp_entry_worms,
          minmay_snake_entry_guardpost_small, uniq_maggie
Lair:3:   layout_hall_layers, gauntlet_entry_generic, lemuel_fruit_tree,
          grunt_megastairs_1
Gauntlet: minmay_gauntlet_mixed_big_or_small
          [nicolae_gauntlet_arena_flowing_pool,
          minmay_gauntlet_arena_77_chump_sandwich,
          gammafunk_gauntlet_arena_mazey, minmay_gauntlet_arena_77_two_paths,
          nicolae_gauntlet_arena_grate_2, minmay_gauntlet_arena_77_double_cross,
          nicolae_gauntlet_exit_dead_adventurers]

Skill      XL: |  1  2  3  4  5  6  7  8  9 10 11 |
---------------+----------------------------------+-----
Ranged Weapons | 5 6 7 8 9 11 13 14 15 16 | 16.0
Long Blades    | 3 8 11 15 | 15.9
Fighting       | |  2.4
Dodging        | |  2.1
Stealth        | |  0.7

Action                     |  1- 3 |  4- 6 |  7- 9 | 10-12 || total
---------------------------+-------+-------+-------+-------++-------
  Melee: Short sword       |       |    20 |    27 |       ||    47
         Headbutt          |       |     4 |    20 |    19 ||    43
         Flail             |       |       |     7 |       ||     7
         Scimitar          |       |       |    43 |   112 ||   155
         Punch             |       |       |     1 |     1 ||     2
         Long sword        |       |       |       |    18 ||    18
   Fire: Shortbow          |    54 |   202 |   372 |   318 ||   946
  Throw: Dart              |       |     3 |       |       ||     3
    Use: Scroll            |       |       |    13 |     6 ||    19
         Potion            |       |       |       |     4 ||     4
   Stab: Paralysed         |       |       |     1 |    12 ||    13
 Armour: Leather armour    |     3 |    45 |    46 |    34 ||   128
         Skin              |       |       |       |     9 ||     9
  Dodge: Dodged            |     7 |    69 |   114 |   151 ||   341
